Map: Prion Terraces

Players

Karavai - Winner!

  • Race: Protoss Protoss

Dagrath

  • Race: Protoss Protoss
  • League: Silver

VOD

Have the link to the VOD?

Description

Time

  • Played on: Dec. 14, 2015, 7:01 p.m.
  • Length: 6:57
Show
View Real Time Build Order
Export as new Build Order

Karavai Protoss - Winner!

Build Orders: Mass Adepts 

Get SALT Encoding   

  12  0:01  Probe (Chrono Boost)  
  13  0:13  Probe (Chrono Boost)  
  14  0:23  Probe (Chrono Boost), Pylon  
  15  0:41  Probe (Chrono Boost)  
  16  0:46  Gateway  
  16  0:52  Probe (Chrono Boost)  
  16  0:55  Assimilator  
  17  0:59  Assimilator  
  17  1:02  Probe (Chrono Boost)  
  18  1:06  Pylon  
  18  1:13  Probe (Chrono Boost)  
  19  1:23  Probe (Chrono Boost)  
  20  1:34  Probe (Chrono Boost)  
  21  1:41  Cybernetics Core  
  22  1:47  Probe (Chrono Boost)  
  22  1:50  Zealot  
  24  1:57  Probe (Chrono Boost)  
  25  2:08  Probe (Chrono Boost)  
  26  2:14  Pylon  
  26  2:19  Stalker (Chrono Boost)  
  26  2:21  Warp Gate (Chrono Boost)  
  28  2:25  Gateway  
  28  2:30  Probe  
  28  2:36  Gateway  
  29  2:42  Probe  
  30  2:49  Pylon  
  32  2:51  Adept (Chrono Boost)  
  32  3:03  Gateway  
  32  3:20  Adept (Chrono Boost)  
  32  3:21  Adept (Chrono Boost)  
  32  3:24  Twilight Council  
  36  3:34  Adept  
  36  3:38  Probe  
  39  3:43  Gateway  
  39  3:49  Pylon  
  39  3:56  Adept x2  
  39  4:02  Resonating Glaives (Chrono Boost)  
  40  4:46  Adept x4  
  48  5:05  Pylon  
  48  5:27  Adept  
  48  5:28  Adept x3, Pylon  
  52  5:29  Adept  
  54  6:22  Adept  
  54  6:23  Adept x4  
Show
View Real Time Build Order
Export as new Build Order

Dagrath Protoss 

Build Orders:  

Get SALT Encoding   

  12  0:01  Probe (Chrono Boost)  
  13  0:12  Probe (Chrono Boost)  
  14  0:19  Pylon  
  14  0:22  Probe (Chrono Boost)  
  15  0:38  Probe (Chrono Boost)  
  15  0:41  Gateway  
  16  0:48  Probe (Chrono Boost)  
  16  0:49  Pylon  
  17  0:59  Probe (Chrono Boost)  
  18  1:08  Gateway  
  18  1:09  Probe (Chrono Boost)  
  19  1:20  Probe (Chrono Boost)  
  20  1:30  Probe (Chrono Boost)  
  21  1:40  Pylon  
  21  1:41  Probe (Chrono Boost)  
  21  1:46  Pylon  
  22  1:51  Probe (Chrono Boost)  
  22  1:53  Zealot  
  25  2:02  Probe (Chrono Boost)  
  25  2:07  Nexus  
  26  2:16  Probe (Chrono Boost)  
  26  2:19  Zealot  
  26  2:22  Zealot  
  31  2:27  Probe (Chrono Boost)  
  32  2:33  Gateway  
  32  2:39  Probe (Chrono Boost)  
  33  2:47  Pylon  
  33  2:49  Probe (Chrono Boost)  
  34  2:54  Zealot (Chrono Boost)  
  34  2:56  Zealot (Chrono Boost)  
  38  3:00  Probe (Chrono Boost)  
  39  3:12  Probe (Chrono Boost)  
  40  3:21  Zealot x2  
  40  3:22  Zealot  
  40  3:24  Probe (Chrono Boost)  
  47  3:30  Probe (Chrono Boost)  
  49  3:34  Probe (Chrono Boost)  
  49  3:38  Pylon  
  49  3:40  Probe (Chrono Boost)  
  50  3:41  Gateway  
  50  3:49  Zealot x3  
  50  3:50  Probe (Chrono Boost)  
  50  3:51  Probe (Chrono Boost)  
  58  4:00  Probe (Chrono Boost)  
  58  4:02  Probe (Chrono Boost)  
  58  4:11  Probe (Chrono Boost)  
  58  4:13  Probe (Chrono Boost)  
  58  4:16  Zealot x2  
  58  4:21  Probe (Chrono Boost)  
  57  4:26  Zealot  
  57  4:27  Probe (Chrono Boost)  
  60  4:32  Gateway, Probe (Chrono Boost)  
  60  4:37  Probe (Chrono Boost)  
  60  4:38  Gateway  
  62  4:43  Zealot  
  60  4:51  Probe x2 (Chrono Boost)  
  60  4:52  Zealot x2  
  64  4:53  Zealot  
  66  5:01  Probe (Chrono Boost)  
  66  5:02  Probe (Chrono Boost)  
  68  5:10  Zealot  
  68  5:12  Probe x2 (Chrono Boost), Pylon  
  72  5:14  Pylon  
  72  5:19  Zealot x3  
  78  5:30  Zealot  
  78  5:31  Probe x2 (Chrono Boost)  
  78  5:33  Zealot  
  78  5:34  Pylon  
  82  5:37  Zealot, Pylon  
  82  5:41  Probe x2 (Chrono Boost)  
  80  5:46  Zealot x3  
  72  5:53  Probe x2 (Chrono Boost)  
  68  5:58  Zealot  
  68  6:00  Zealot  
  68  6:04  Probe x2 (Chrono Boost), Zealot  
  67  6:13  Zealot x3  
  67  6:14  Probe x2 (Chrono Boost)  
  65  6:25  Probe x2 (Chrono Boost), Zealot  
  63  6:35  Probe x2 (Chrono Boost)  
  63  6:38  Pylon  
  63  6:39  Pylon  
  65  6:46  Probe x2 (Chrono Boost)  
Tags
 
Composition
Mass Adepts
League
Silver
Matchup
PvP
Add a new tag
Caveats
  • Supply blocks, unpowered buildings, or Contaminate may cause inaccurate times.
  • Supply counts are checked every 10 seconds.